PBL
OAKLAND ATHLETICS @ DETROIT TIGERS
08/11/2071
 
TOP OF THE 1ST
Oakland Athletics batting - Pitching for Detroit Tigers : LHP Frederik Lambert
Pitching: LHP Frederik Lambert
Batting: RHB Jorge Ibarra 0-0: Ball
1-0: Called Strike
1-1: Called Strike
1-2: Ball
2-2: Ball
3-2: Fly out, F9 (Line Drive, 9, EV 94.4 MPH)
Batting: RHB Ed Burch 0-0: Ball
1-0: Called Strike
1-1: SINGLE (Groundball, 5S, EV 66.3 MPH) (infield hit)
Batting: LHB Félix Castillo 0-0: Ball
1-0: Called Strike
1-1: Ball
2-1: Swinging Strike
2-2: Ball
3-2: Fielders Choice at 2nd, 6-4 (Groundball, 6M, EV 98.1 MPH)
Batting: LHB Paul King 0-0: SINGLE (Line Drive, 6M, EV 108.1 MPH)
Félix Castillo to second
Runner from 2nd tries for 3rd, SAFE, throw by CF made to third
Batting: LHB Pablo Gonzáles 0-0: Called Strike
0-1: Ball
Wild Pitch!
Félix Castillo scores
Paul King to second
1-1: Fly out, F9 (Line Drive, 9D, EV 101.9 MPH)
Top of the 1st over - 1 run, 2 hits, 0 errors, 1 left on base; Oakland 1 - Detroit 0
BOTTOM OF THE 1ST
Detroit Tigers batting - Pitching for Oakland Athletics : LHP Craig Brooks
Pitching: LHP Craig Brooks
Batting: LHB Masanori Ikeda 0-0: Fly out, F8 (Flyball, 8RD, EV 85.6 MPH)
Batting: LHB Dong-po Xiong 0-0: Called Strike
0-1: Foul Ball, location: 3F
0-2: Foul Ball, location: 25F
0-2: Ball
1-2: SINGLE (Groundball, 4S, EV 66.3 MPH) (infield hit)
Batting: RHB Luis Martínez 0-0: Called Strike
0-1: Foul Ball, location: 25FF
0-2: Ball
1-2: Ball
2-2: Ball
Wild Pitch!
Dong-po Xiong to second
3-2: Base on Balls
Batting: RHB Takayuki Oda 0-0: Ball
1-0: Grounds into double play, 6-4-3 (Groundball, 6, EV 84.4 MPH)
Bottom of the 1st over - 0 runs, 1 hit, 0 errors, 1 left on base; Oakland 1 - Detroit 0
TOP OF THE 2ND
Oakland Athletics batting - Pitching for Detroit Tigers : LHP Frederik Lambert
Batting: LHB José Pelingo 0-0: Called Strike
0-1: Foul Ball, location: 2F
0-2: Ground out 4-3 (Groundball, 4, EV 86.9 MPH)
Batting: RHB Pablo Ayala 0-0: Fly out, F8 (Flyball, 89M, EV 89.4 MPH)
Batting: RHB Tom Yarbrough 0-0: Called Strike
0-1: Ball
1-1: Swinging Strike
1-2: Ground out 6-3 (Groundball, 6, EV 71.3 MPH)
Top of the 2nd over - 0 runs, 0 hits, 0 errors, 0 left on base; Oakland 1 - Detroit 0
BOTTOM OF THE 2ND
Detroit Tigers batting - Pitching for Oakland Athletics : LHP Craig Brooks
Batting: RHB Pete Powell 0-0: Ball
1-0: Fly out, F7 (Flyball, 7LS, EV 86.9 MPH)
Batting: LHB Archie Wood 0-0: Ball
1-0: Called Strike
1-1: Ball
2-1: SINGLE (Line Drive, 9S, EV 107.5 MPH)
Batting: RHB Lou Hutchinson 0-0: Called Strike
0-1: Ball
1-1: Ball
2-1: Foul Ball, location: 23FF
2-2: Grounds into double play, 6-4-3 (Groundball, 6, EV 107.5 MPH)
Bottom of the 2nd over - 0 runs, 1 hit, 0 errors, 0 left on base; Oakland 1 - Detroit 0
TOP OF THE 3RD
Oakland Athletics batting - Pitching for Detroit Tigers : LHP Frederik Lambert
Batting: LHB Roberto Canó 0-0: DOUBLE (Flyball, 8RXD, EV 105.0 MPH) - OUT at third base trying to stretch hit.
Batting: RHB Jorge Ibarra 0-0: Ball
1-0: Foul Ball, location: 2RF
1-1: DOUBLE (Line Drive, 89XD, EV 98.8 MPH)
Batting: RHB Ed Burch 0-0: DOUBLE (Flyball, 89D, EV 110.0 MPH)
Jorge Ibarra scores
Batting: LHB Félix Castillo 0-0: Foul Ball, location: 7LDF
0-1: Foul Ball, location: 2F
0-2: Strikes out looking
Batting: LHB Paul King 0-0: Ball
1-0: Ball
2-0: Ground out 5-3 (Groundball, 56S, EV 80.6 MPH)
Top of the 3rd over - 1 run, 3 hits, 0 errors, 1 left on base; Oakland 2 - Detroit 0
BOTTOM OF THE 3RD
Detroit Tigers batting - Pitching for Oakland Athletics : LHP Craig Brooks
Batting: LHB Miguel Martínez 0-0: Called Strike
0-1: Ground out 4-3 (Groundball, 34, EV 91.3 MPH)
Batting: RHB Charlie Mitchin 0-0: Ground out 5-3 (Groundball, 56S, EV 90.6 MPH)
Batting: LHB Masanori Ikeda 0-0: Fly out, F8 (Flyball, 78M, EV 92.5 MPH)
Bottom of the 3rd over - 0 runs, 0 hits, 0 errors, 0 left on base; Oakland 2 - Detroit 0
TOP OF THE 4TH
Oakland Athletics batting - Pitching for Detroit Tigers : LHP Frederik Lambert
Batting: LHB Pablo Gonzáles 0-0: Ball
1-0: Ground out 6-3 (Groundball, 6, EV 103.1 MPH)
Batting: LHB José Pelingo 0-0: Ball
1-0: Ball
2-0: Called Strike
2-1: Ground out 5-3 (Groundball, 5, EV 88.1 MPH)
Batting: RHB Pablo Ayala 0-0: Foul Ball, location: 2F
0-1: Called Strike
0-2: Ball
1-2: Ball
2-2: Ball
3-2: Ground out 3-1 (Groundball, 34, EV 77.5 MPH)
Top of the 4th over - 0 runs, 0 hits, 0 errors, 0 left on base; Oakland 2 - Detroit 0
BOTTOM OF THE 4TH
Detroit Tigers batting - Pitching for Oakland Athletics : LHP Craig Brooks
Batting: LHB Dong-po Xiong 0-0: Called Strike
0-1: Ball
1-1: Ground out U3 (Groundball, 34S, EV 85.6 MPH)
Batting: RHB Luis Martínez 0-0: Swinging Strike
0-1: Ball
1-1: Foul Ball, location: 2F
1-2: Ball
2-2: Foul Ball, location: 2F
2-2: Foul Ball, location: 5FF
2-2: SINGLE (Groundball, 6MD, EV 95.6 MPH)
Batting: RHB Takayuki Oda 0-0: Grounds into double play, 5-4-3 (Groundball, 56S, EV 78.8 MPH)
Bottom of the 4th over - 0 runs, 1 hit, 0 errors, 0 left on base; Oakland 2 - Detroit 0
TOP OF THE 5TH
Oakland Athletics batting - Pitching for Detroit Tigers : LHP Frederik Lambert
Batting: RHB Tom Yarbrough 0-0: SINGLE (Groundball, 6MD, EV 105.6 MPH)
Batting: LHB Roberto Canó 0-0: Swinging Strike
0-1: Foul Ball, location: 2F
0-2: Hit by Pitch
Tom Yarbrough to second
Batting: RHB Jorge Ibarra 0-0: Bunted foul
0-1: Bunt missed!
0-2: Fielders Choice at 2nd, 6-4 (Groundball, 6, EV 93.1 MPH)
Tom Yarbrough to third
Batting: RHB Ed Burch 0-0: Called Strike
0-1: Foul Ball, location: 7LMFF
0-2: Strikes out swinging
Batting: LHB Félix Castillo 0-0: Ball
1-0: Called Strike
1-1: Fly out, F8 (Flyball, 8LM, EV 99.4 MPH)
Top of the 5th over - 0 runs, 1 hit, 0 errors, 2 left on base; Oakland 2 - Detroit 0
BOTTOM OF THE 5TH
Detroit Tigers batting - Pitching for Oakland Athletics : LHP Craig Brooks
Batting: RHB Pete Powell 0-0: Ball
1-0: DOUBLE (Flyball, 89XD, EV 100.0 MPH)
Batting: LHB Archie Wood 0-0: DOUBLE (Flyball, 78D, EV 96.3 MPH)
Pete Powell scores
Batting: RHB Lou Hutchinson 0-0: Ground out 6-3 (Groundball, 6S, EV 81.9 MPH)
Batting: LHB Miguel Martínez 0-0: Foul Ball, location: 2F
0-1: Foul Ball, location: 9LMF
0-2: Ball
1-2: Ball
2-2: Strikes out swinging
Batting: RHB Charlie Mitchin 0-0: Ball
1-0: DOUBLE (Groundball, 3D, EV 108.1 MPH)
Archie Wood scores
Batting: LHB Masanori Ikeda 0-0: Foul Ball, location: 2F
0-1: Called Strike
0-2: Ball
1-2: Ground out 4-3 (Groundball, 34, EV 86.9 MPH)
Bottom of the 5th over - 2 runs, 3 hits, 0 errors, 1 left on base; Oakland 2 - Detroit 2
TOP OF THE 6TH
Oakland Athletics batting - Pitching for Detroit Tigers : LHP Frederik Lambert
Batting: LHB Paul King 0-0: Ground out U3 (Groundball, 3, EV 91.3 MPH)
Batting: LHB Pablo Gonzáles 0-0: Ground out 4-3 (Groundball, 4, EV 86.9 MPH)
Batting: LHB José Pelingo 0-0: Ball
1-0: Called Strike
1-1: Swinging Strike
1-2: Strikes out swinging
Top of the 6th over - 0 runs, 0 hits, 0 errors, 0 left on base; Oakland 2 - Detroit 2
BOTTOM OF THE 6TH
Detroit Tigers batting - Pitching for Oakland Athletics : LHP Craig Brooks
Batting: LHB Dong-po Xiong 0-0: SINGLE (Line Drive, 9S, EV 105.0 MPH)
Batting: RHB Luis Martínez 0-0: Called Strike
0-1: Ball
1-1: Fly out, F6 (Popup, 4MD, EV 41.9 MPH)
Batting: RHB Takayuki Oda 0-0: Fly out, F7 (Flyball, 78S, EV 91.3 MPH)
Batting: RHB Pete Powell 0-0: Foul Ball, location: 2F
0-1: Called Strike
0-2: Ball
1-2: Foul Ball, location: 23F
1-2: Ball
2-2: Foul Ball, location: 2F
2-2: Foul Ball, location: 3SF
2-2: Strikes out swinging
Bottom of the 6th over - 0 runs, 1 hit, 0 errors, 1 left on base; Oakland 2 - Detroit 2
TOP OF THE 7TH
Oakland Athletics batting - Pitching for Detroit Tigers : LHP Frederik Lambert
Batting: RHB Pablo Ayala 0-0: Foul Ball, location: 2F
0-1: Ball
1-1: Ground out 5-3 (Groundball, 56, EV 78.8 MPH)
Batting: RHB Tom Yarbrough 0-0: Called Strike
0-1: Swinging Strike
0-2: Fly out, F8 (Line Drive, 8LD, EV 98.8 MPH)
Batting: LHB Roberto Canó 0-0: Ball
1-0: Called Strike
1-1: Ball
2-1: Ball
3-1: Ground out 4-3 (Groundball, 4, EV 79.4 MPH)
Top of the 7th over - 0 runs, 0 hits, 0 errors, 0 left on base; Oakland 2 - Detroit 2
BOTTOM OF THE 7TH
Detroit Tigers batting - Pitching for Oakland Athletics : LHP Craig Brooks
Batting: LHB Archie Wood 0-0: Called Strike
0-1: Ground out 5-3 (Groundball, 56, EV 100.0 MPH)
Batting: RHB Lou Hutchinson 0-0: Foul Ball, location: 2F
0-1: Ball
1-1: Swinging Strike
1-2: Foul Ball, location: 25F
1-2: Ball
2-2: Ball
3-2: Strikes out swinging
Batting: LHB Miguel Martínez 0-0: Ball
1-0: Swinging Strike
1-1: Swinging Strike
1-2: Strikes out swinging
Bottom of the 7th over - 0 runs, 0 hits, 0 errors, 0 left on base; Oakland 2 - Detroit 2
TOP OF THE 8TH
Oakland Athletics batting - Pitching for Detroit Tigers : LHP Frederik Lambert
Batting: RHB Jorge Ibarra 0-0: Called Strike
0-1: Foul Ball, location: 9LMF
0-2: Ground out 6-3 (Groundball, 6, EV 81.3 MPH)
Batting: RHB Ed Burch 0-0: Ball
1-0: Ground out 4-3 (Groundball, 4, EV 88.1 MPH)
Batting: LHB Félix Castillo 0-0: Ball
1-0: Called Strike
1-1: SINGLE (Line Drive, 3D, EV 98.1 MPH)
Batting: LHB Paul King 0-0: Called Strike
0-1: Reached on error, E4 (Groundball, 4, EV 65.0 MPH)
Félix Castillo to second
Pinch Hitting: RHB Roberto Morán 0-0: Called Strike
0-1: Swinging Strike
0-2: Ball
1-2: Strikes out swinging
Top of the 8th over - 0 runs, 1 hit, 1 error, 2 left on base; Oakland 2 - Detroit 2
BOTTOM OF THE 8TH
Detroit Tigers batting - Pitching for Oakland Athletics : LHP Craig Brooks
Now in LF: Roberto Morán
Batting: RHB Charlie Mitchin 0-0: Ball
1-0: Foul Ball, location: 3SF
1-1: Ball
2-1: Swinging Strike
2-2: Strikes out swinging
Batting: LHB Masanori Ikeda 0-0: Foul Ball, location: 9LDF
0-1: Foul Ball, location: 9LDF
0-2: Fly out, F7 (Line Drive, 7, EV 105.6 MPH)
Batting: LHB Dong-po Xiong 0-0: Called Strike
0-1: Ball
1-1: Ball
2-1: Fly out, F8 (Line Drive, 78D, EV 94.4 MPH)
Bottom of the 8th over - 0 runs, 0 hits, 0 errors, 0 left on base; Oakland 2 - Detroit 2
TOP OF THE 9TH
Oakland Athletics batting - Pitching for Detroit Tigers : LHP Frederik Lambert
Batting: RHB José Delgado 0-0: Called Strike
0-1: Ground out 6-3 (Groundball, 6, EV 86.3 MPH)
Batting: RHB Pablo Ayala 0-0: Ball
1-0: Foul Ball, location: 25F
1-1: Foul Ball, location: 23FF
1-2: Ball
2-2: Foul Ball, location: 3F
2-2: DOUBLE (Groundball, 5L, EV 101.3 MPH)
Pitching: RHP Hamal bin Ra'id
Pinch Hitting: LHB Eric Dodd 0-0: Swinging Strike
0-1: Foul Ball, location: 2F
0-2: Strikes out swinging
Batting: LHB Roberto Canó 0-0: Intentional Walk
Batting: RHB Jorge Ibarra 0-0: Ball
1-0: Called Strike
1-1: Ball
2-1: Ball
3-1: SINGLE (Line Drive, 9LS, EV 106.9 MPH)
Pablo Ayala to third
Roberto Canó to second
Runner from 3rd tries for Home, SAFE, throw by RF to home
Batting: RHB Ed Burch 0-0: Called Strike
0-1: Ball
1-1: SINGLE (Line Drive, 8LS, EV 100.0 MPH)
Roberto Canó to third
Jorge Ibarra to second
Runner from 3rd tries for Home, SAFE, throw by CF to home
Batting: LHB Félix Castillo 0-0: Called Strike
0-1: Foul Ball, location: 7LMF
0-2: Ball
1-2: DOUBLE (Line Drive, 89M, EV 88.8 MPH)
Jorge Ibarra scores
Ed Burch to third
Runner from 3rd tries for Home, SAFE, throw by RF to trailing runner, OUT at third! 9-3-5
Top of the 9th over - 4 runs, 4 hits, 0 errors, 0 left on base; Oakland 6 - Detroit 2
BOTTOM OF THE 9TH
Detroit Tigers batting - Pitching for Oakland Athletics : LHP Craig Brooks
Now at C: Calvin Baird
Batting: RHB Luis Martínez 0-0: Ball
1-0: Called Strike
1-1: Foul Ball, location: 5F
1-2: Ball
2-2: Hit by Pitch
Pitching: RHP Steve Jones
Batting: RHB Takayuki Oda 0-0: Ball
1-0: Fly out, F9 (Flyball, 9, EV 95.0 MPH)
Batting: RHB Pete Powell 0-0: Called Strike
0-1: Foul Ball, location: 2F
0-2: Foul Ball, location: 9LMF
0-2: Ball
1-2: Ball
2-2: Strikes out swinging
Batting: LHB Archie Wood 0-0: Called Strike
0-1: Ball
1-1: Fly out, F8 (Flyball, 8LD, EV 101.3 MPH)
Bottom of the 9th over - 0 runs, 0 hits, 0 errors, 1 left on base; Oakland 6 - Detroit 2
Saturday, May 4th , 2024 - OOTP Baseball 24.10 Build 82